 Dungeon Crawl Stone Soup version 0.19.0 (webtiles) character file.

129 Querens the Shield-Bearer (level 5, -2/33 HPs)
             Began as a Gargoyle Fighter on Nov 2, 2016.
             Killed from afar by Querens's ghost (4 damage)
             ... with a flame tongue
             ... on level 3 of the Dungeon.
             The game lasted 00:06:19 (1679 turns).

Querens the Shield-Bearer (Gargoyle Fighter)        Turns: 1679, Time: 00:06:19

Health: -2/33      AC: 15    Str: 23    XL:     5   Next: 12%
Magic:  5/5        EV:  6    Int:  8    God:
Gold:   60         SH:  9    Dex:  9    Spells: 0 memorised, 4 levels left

rFire  . . .     SeeInvis .     a - +0 flail
rCold  . . .     Gourm    .     s - +0 chain mail
rNeg   + . .     Faith    .     c - +0 shield
rPois  ∞         Spirit   .     (no helmet)
rElec  +         Reflect  .     (no cloak)
rCorr  .         Harm     .     (no gloves)
MR     .....                    (no boots)
Stlth  ..........               (no amulet)
                                (no ring)
                                (no ring)

@: very slightly contaminated, fainting, hasted, very quick
A: thin metallic scales 1, negative energy resistance 1, electricity resistance,
slow regeneration 1, strong 1, unbreathing, petrification resistance, rot
immunity, AC +4
a: no special abilities


You were on level 3 of the Dungeon.
You were fainting.

You visited 1 branch of the dungeon, and saw 3 of its levels.

You collected 60 gold pieces.

Inventory:

Hand Weapons
 a - a +0 flail (weapon)
Armour
 b - a +0 scale mail
 c - a +0 shield (worn)
 g - a +0 ring mail
 l - a +0 chain mail
 s - a +0 chain mail (worn)
Jewellery
 k - an uncursed ring of protection from fire {unknown}
Scrolls
 e - a scroll of fear {unknown}
 h - a scroll of enchant armour {unknown}
 i - a scroll of remove curse {unknown}
 m - 3 scrolls of fog {unknown}
 n - 3 scrolls of identify {unknown}
 r - a scroll of random uselessness {unknown}
Potions
 q - a potion of flight {unknown}
 t - a potion of degeneration {unknown}
Comestibles
 f - 2 bread rations
 p - 2 fruits


   Skills:
 + Level 3.7 Fighting
 + Level 2.9 Maces & Flails
 + Level 4.3 Armour
 + Level 0.5 Dodging
 + Level 4.3 Shields


You had 4 spell levels left.
You didn't know any spells.

Dungeon Overview and Level Annotations

Branches:
Dungeon (3/15)

Altars:
Xom

Annotations:
D:3 Querens's ghost, amateur DgFE


Innate Abilities, Weirdness & Mutations

You are resistant to torment.
Your stone body is resilient. (AC +4)
You are immune to poison.
You resist negative energy. (rN+)
You are resistant to electric shocks. (rElec)
You can survive without breathing.
You are immune to petrification.
You are immune to rotting.
You are partially covered in thin metallic scales. (AC +2)
You regenerate slowly when monsters are visible.
Your muscles are strong. (Str +2)


Message History

Your chain mail prevents you from hitting Querens's ghost.
Querens's ghost is severely damaged.
You block Querens's ghost's attack.
You closely miss Querens's ghost.
Querens's ghost is severely damaged.
You block Querens's ghost's attack.
You closely miss Querens's ghost.
Querens's ghost is severely damaged.
Querens's ghost screams, "I was like you once."
You block Querens's ghost's attack.
You hit Querens's ghost but do no damage.
Querens's ghost is severely damaged.
Querens's ghost casts a spell at you. The flame tongue hits you!
* * * LOW HITPOINT WARNING * * *
You miss Querens's ghost.
Querens's ghost is severely damaged.
Querens's ghost points at you and mumbles some strange words.
The flame tongue hits you!
You die...

.............g.
######### #.#.#
........#####.#.#.#
........#...#J#...#
............'...#####
........#...#........
#.#######...###......
#(# ##......W#####.
###.# #....###@#
..#.#####....# #.#
.............#
#.......#
..#.####.#.###
#######.# .............
# ..#..#.#.#.##### .#
.....#.........#####.#.
.#...#.................
.#...#.................


You could see Querens's ghost.

Vanquished Creatures
  A gnoll (D:3)
  5 adders
  An ooze (D:3)
  2 worms
  4 dart slugs
  3 giant cockroaches
  8 goblins
  6 hobgoblins
  7 jackals (D:1)
  2 quokkas (D:2)
  8 bats
  2 frilled lizards
  3 kobolds
  4 rats
56 creatures vanquished.

Notes
Turn   | Place    | Note
-------+----------+-------------------------------------------
     0 | D:1      | Querens the Gargoyle Fighter began the quest for the Orb.
     0 | D:1      | Reached XP level 1. HP: 14/14 MP: 1/1
   206 | D:1      | Reached XP level 2. HP: 19/19 MP: 2/2
   459 | D:1      | Reached XP level 3. HP: 12/23 MP: 3/3
   733 | D:2      | Reached XP level 4. HP: 23/29 MP: 4/4
  1162 | D:2      | Found a shimmering altar of Xom.
  1589 | D:3      | Noticed Querens's ghost (amateur DgFE)
  1635 | D:3      | Reached XP level 5. HP: 16/33 MP: 5/5
  1670 | D:3      | Gained mutation: You are partially covered in thin metallic scales. (AC +2) [potion of mutation]
  1670 | D:3      | Gained mutation: Your muscles are strong. (Str +2) [potion of mutation]
  1670 | D:3      | Gained mutation: You regenerate slowly when monsters are visible. [potion of mutation]
  1679 | D:3      | Killed from afar by Querens's ghost

Skill      XL: |  1  2  3  4 |
---------------+-------------+-----
Shields        | 4 |  4.3
Armour         | 4 |  4.3
Fighting       | |  3.7
Maces & Flails | |  2.9
Dodging        | |  0.5

Action                   |  1- 3 |  4- 6 || total
-------------------------+-------+-------++-------
Melee: Flail             |   165 |   217 ||   382
  Use: Potion            |       |     3 ||     3
  Eat: Chunk             |       |     1 ||     1
Armor: Scale mail        |    15 |       ||    15
       Chain mail        |   168 |   137 ||   305
Dodge: Dodged            |    49 |    41 ||    90
Block: Shield            |   118 |   135 ||   253
